 Dungeon Crawl Stone Soup version 0.29.0-4-gdea44cf6ec (webtiles) character file.

Game seed: 3497066164463455100

9179 qw the Grappler (level 11, -4/105 HPs)
             Began as a Troll Cinder Acolyte on Aug 31, 2022.
             Was a Believer of Ignis.
             Slain by a yak (7 damage)
             ... on level 1 of the Lair of Beasts.
             The game lasted 00:04:31 (7465 turns).

qw the Grappler (Troll Cinder Acolyte)              Turns: 7465, Time: 00:04:32

Health: -4/105     AC: 17    Str: 28    XL:     11   Next: 19%
Magic:  11/11      EV:  9    Int: 10    God:    Ignis [**....]
Gold:   750        SH:  5    Dex:  5    Spells: 12/12 levels left

rFire   + . .      SeeInvis +     - Unarmed
rCold   . . .      Faith    .   (no shield)
rNeg    . . .      Spirit   .   q - +0 acid dragon scales
rPois   .          Reflect  +   m - +1 hat
rElec   .          Harm     .   a - +0 cloak {rCorr}
rCorr   +          Rampage  .   (gloves unavailable)
Will    .....                   (boots unavailable)
Stlth   ..........              g - amulet of reflection
HPRegen 1.07/turn               c - ring of see invisible
MPRegen 0.12/turn               (no ring)

@: lethally poisoned (-4 -> -10), fiery-armoured
A: large, unfitting armour, claws 3, regeneration 1, shaggy fur 1, tough skin 1
a: Renounce Religion, Fiery Armour, Foxfire Swarm, Rising Flame


You were on level 1 of the Lair of Beasts.
You worshipped Ignis.
Ignis was pleased with you.
You visited 2 branches of the dungeon, and saw 10 of its levels.

You collected 750 gold pieces.


Innate Abilities, Weirdness & Mutations

You are too large for most types of armour.
You have claws for hands.
Your natural rate of healing is unusually fast.
You are covered in fur. (AC +1)
You have tough skin. (AC +1)


   Skills:
 - Level 6.0 Fighting
 - Level 6.0 Throwing
 - Level 2.0 Armour
 - Level 1.2 Dodging
 + Level 14.6 Unarmed Combat
 - Level 1.0 Spellcasting
 - Level 2.1 Fire Magic


You had 12 spell levels left.
You didn't know any spells.
Your spell library contained the following spells:

 Spells                   Type           Power      Damage    Failure   Level
 Scorch                   Fire           8%         2d5       26%         2

Inventory:

Missiles
 n - 2 large rocks (quivered)
Armour
 a - a +0 cloak of preservation (worn)
 i - a +2 robe of fire resistance
 m - a +1 hat (worn)
 q - +0 acid dragon scales (worn)
Jewellery
 c - a ring of see invisible (left claw)
 g - an amulet of reflection (around neck)
Scrolls
 b - a scroll of identify
 e - 2 scrolls of enchant weapon
 h - a scroll of teleportation
Potions
 d - 2 potions of cancellation
 f - a potion of resistance
 j - a potion of might
 k - a potion of haste
 l - a potion of curing
 o - a potion of mutation

Dungeon Overview and Level Annotations

Branches:
Dungeon (8/15)             Temple (0/1) D:7            Lair (2/5) D:8
  Swamp: Lair:2-3    Shoals: Lair:2-3     Snake: Lair:2-3    Spider: Lair:2-3

Altars:
Elyvilon
Fedhas
Nemelex Xobeh
Okawaru
Qazlal
Sif Muna
Yredelemnul
The Shining One

Shops:
D:1 :   D:2 [


Message History

7463 ||| STAIRDANCE The cane toad stings you!
You are poisoned.
The cane toad poisons you!
The seven-headed hydra bites you but does no damage.
The seven-headed hydra bites you!
The seven-headed hydra bites you but does no damage.
The seven-headed hydra closely misses you.
The seven-headed hydra bites you!
The seven-headed hydra bites you but does no damage.
You block the seven-headed hydra's attack.
The yak gores you! The yak closely misses you.
You climb upwards.
You feel extremely sick.
There is a stone staircase leading down here.
7465 ||| INVOKING Fiery Armour.
A protective cloak of flame settles atop you.
You feel very sick. The cane toad stings you!
The seven-headed hydra bites you but does no damage.
The seven-headed hydra is burned by your cloak of flames.
The seven-headed hydra is lightly wounded.
The seven-headed hydra completely misses you.
The seven-headed hydra bites you but does no damage.
The seven-headed hydra is burned by your cloak of flames.
The seven-headed hydra is lightly wounded.
The seven-headed hydra bites you but does no damage.
The seven-headed hydra is burned by your cloak of flames.
The seven-headed hydra is moderately wounded.
The seven-headed hydra bites you!
The seven-headed hydra is burned by your cloak of flames.
The seven-headed hydra is moderately wounded.
The seven-headed hydra bites you but does no damage.
The seven-headed hydra is burned by your cloak of flames.
The seven-headed hydra is moderately wounded.
The seven-headed hydra bites you but does no damage.
The seven-headed hydra is burned by your cloak of flames.
The seven-headed hydra is heavily wounded.
The yak barely misses you. The yak gores you!
You die...

######.................P.......#
.###...........................#
..^............................#
............#...........)......#
...............................#
...............................#
........%......................#
........%.......D..........##..#
................@........#P###.#
.....###.##....FYY...####### ###
.....# ####..........# ....##
#^.........# ....# ##.......%.#
...## ##[........# ..##
#.........## .## #........## ##
##.......##


You could see a seven-headed hydra, 2 yaks and a cane toad.

Vanquished Creatures
  2 hydras
  2 black mambas (Lair:1)
  A torpor snail (Lair:1)
  3 komodo dragons (Lair:1)
  5 blink frogs (Lair:1)
  3 dream sheep (Lair:1)
  3 yaks (Lair:1)
  Eustachio (D:6)
  3 basilisks (Lair:1)
  2 steam dragons (D:8)
  An acid dragon (D:8)
  An orc warrior (D:7)
  5 water moccasins
  3 ice beasts
  A sky beast (D:8)
  5 black bears
  A phantom (D:5)
  4 bullfrogs
  2 necrophages (D:4)
  5 scorpions
  4 wights
  2 howler monkeys
  3 hounds
  3 jellies
  A gnoll bouda (D:8)
  A human zombie (D:4)
  6 orc priests
  4 iguanas
  Ijyb (D:3)
  6 orc wizards
  3 scorpion zombies (D:4)
  2 mummies (D:4)
  3 gnolls (D:8)
  8 adders
  3 white imps
  An ufetubus (D:6)
  An adder zombie (D:4)
  2 worms (D:3)
  2 dart slugs
  38 orcs
  4 bats
  11 endoplasms
  A giant cockroach (D:1)
  9 goblins
  12 hobgoblins
  8 jackals
  5 quokkas
  6 ball pythons
  4 frilled lizards
  A jackal zombie (D:4)
  7 kobolds
  A quokka zombie (D:4)
  6 rats
222 creatures vanquished.

Vanquished Creatures (others)
  4 fungi (D:6)
  A plant (Lair:1)
5 creatures vanquished.

Grand Total: 227 creatures vanquished

Notes
Turn   | Place    | Note
-------+----------+-------------------------------------------
     0 | D:1      | qw the Troll Cinder Acolyte began the quest for the Orb.
     0 | D:1      | Reached XP level 1. HP: 22/22 MP: 1/1
     0 | D:1      | 0 ||| qw: Version: 0.1-a-97-g2dd2ca4
     0 | D:1      | 0 ||| qw: Game counter: 4659
     0 | D:1      | 0 ||| qw: Always use a shield: true
     0 | D:1      | 0 ||| qw: God list: Okawaru
     0 | D:1      | 0 ||| qw: Allow faded altars: false
     0 | D:1      | 0 ||| qw: Do Orc after D:15 true
     0 | D:1      | 0 ||| qw: Do second Lair branch before Depths: true
     0 | D:1      | 0 ||| qw: Lair rune preference: random
     0 | D:1      | 0 ||| qw: Plans: Normal
     0 | D:1      | 0 ||| PLANNING D:1-11
    11 | D:1      | You fall into a shaft and drop 1 floor!
    87 | D:1      | Found Ikhua's Book Shoppe.
   148 | D:1      | 148 ||| Stepping ~*~*~tactically~*~*~ (stealth).
   157 | D:1      | Reached XP level 2. HP: 28/29 MP: 2/2
   350 | D:1      | 350 ||| Stepping ~*~*~tactically~*~*~ (hiding).
   361 | D:1      | Reached skill level 1 in Throwing
   492 | D:1      | 492 ||| Stepping ~*~*~tactically~*~*~ (stealth).
   493 | D:1      | 493 ||| Stepping ~*~*~tactically~*~*~ (stealth).
   703 | D:1      | 703 ||| READING scroll labelled AROLUVVA RUGE.
   704 | D:1      | 704 ||| READING scroll labelled BAEWER FINUO.
   708 | D:1      | 708 ||| READING scroll labelled JOSACL JIECE.
   709 | D:1      | 709 ||| DRINKING 2 smoky blue potions.
   710 | D:1      | 710 ||| DRINKING 2 white potions.
   711 | D:1      | 711 ||| DROPPING potion of degeneration.
   712 | D:1      | 712 ||| DROPPING potion of attraction.
   862 | D:2      | Reached XP level 3. HP: 36/36 MP: 3/3
   877 | D:2      | Found Mimius's Antique Armour Shop.
   891 | D:2      | Reached skill level 4 in Unarmed Combat
  1216 | D:2      | 1216 ||| READING scroll labelled PUCZIKUKKO.
  1217 | D:2      | 1217 ||| READING scroll labelled COIGOSKEOLA.
  1218 | D:2      | 1218 ||| READING scroll labelled KEGIUZUOMU.
  1319 | D:2      | 1319 ||| READING scroll labelled LYEGUG ZUBBOPT.
  1320 | D:2      | 1320 ||| READING scroll labelled SAROEV JACEDGH.
  1346 | D:3      | 1346 ||| INVOKING Fiery Armour.
  1347 | D:3      | 1347 ||| STAIRDANCE
  1352 | D:3      | 1352 ||| STAIRDANCE
  1354 | D:2      | 1354 ||| Stepping ~*~*~tactically~*~*~ (outnumbered).
  1355 | D:2      | 1355 ||| Stepping ~*~*~tactically~*~*~ (outnumbered).
  1356 | D:2      | 1356 ||| Stepping ~*~*~tactically~*~*~ (outnumbered).
  1357 | D:2      | 1357 ||| Stepping ~*~*~tactically~*~*~ (outnumbered).
  1358 | D:2      | 1358 ||| Stepping ~*~*~tactically~*~*~ (outnumbered).
  1409 | D:3      | Reached XP level 4. HP: 44/44 MP: 4/4
  1409 | D:3      | 1409 ||| Stepping ~*~*~tactically~*~*~ (outnumbered).
  1411 | D:3      | 1411 ||| Stepping ~*~*~tactically~*~*~ (outnumbered).
  1438 | D:3      | 1438 ||| Stepping ~*~*~tactically~*~*~ (outnumbered).
  1439 | D:3      | 1439 ||| Stepping ~*~*~tactically~*~*~ (outnumbered).
  1444 | D:3      | Reached skill level 5 in Unarmed Combat
  1444 | D:3      | 1444 ||| Stepping ~*~*~tactically~*~*~ (outnumbered).
  1490 | D:3      | Noticed an ice beast
  1498 | D:3      | Killed an ice beast
  1499 | D:3      | Reached skill level 6 in Unarmed Combat
  1499 | D:3      | Reached XP level 5. HP: 41/50 MP: 5/5
  1578 | D:3      | Noticed Ijyb
  1579 | D:3      | 1579 ||| Stepping ~*~*~tactically~*~*~ (stealth).
  1585 | D:3      | Killed Ijyb
  1647 | D:3      | 1647 ||| Stepping ~*~*~tactically~*~*~ (outnumbered).
  1649 | D:3      | 1649 ||| Stepping ~*~*~tactically~*~*~ (outnumbered).
  1650 | D:3      | 1650 ||| INVOKING Fiery Armour.
  1653 | D:3      | 1653 ||| Stepping ~*~*~tactically~*~*~ (stealth).
  1708 | D:3      | Reached XP level 6. HP: 59/59 MP: 6/6
  1744 | D:3      | 1744 ||| Stepping ~*~*~tactically~*~*~ (stealth).
  1756 | D:3      | 1756 ||| Stepping ~*~*~tactically~*~*~ (stealth).
  1954 | D:3      | 1954 ||| READING scroll labelled MIAROYLEAM.
  1955 | D:3      | 1955 ||| READING scroll labelled LATYEX JECOR.
  1956 | D:3      | 1956 ||| READING scroll labelled DYGHIP CETHRO.
  1957 | D:3      | 1957 ||| READING 2 scrolls labelled ZUOCSO HETE.
  1958 | D:3      | 1958 ||| DRINKING 3 bubbling sapphire potions.
  1985 | D:3      | 1985 ||| DRINKING 2 murky pink potions.
  1986 | D:3      | 1986 ||| DROPPING 2 potions of lignification.
  2013 | D:4      | 2013 ||| STAIRDANCE
  2045 | D:4      | 2045 ||| Stepping ~*~*~tactically~*~*~ (outnumbered).
  2046 | D:4      | 2046 ||| Stepping ~*~*~tactically~*~*~ (outnumbered).
  2068 | D:4      | 2068 ||| INVOKING Fiery Armour.
  2071 | D:4      | 2071 ||| Stepping ~*~*~tactically~*~*~ (outnumbered).
  2074 | D:4      | 2074 ||| Stepping ~*~*~tactically~*~*~ (outnumbered).
  2075 | D:4      | 2075 ||| Stepping ~*~*~tactically~*~*~ (outnumbered).
  2076 | D:4      | 2076 ||| Stepping ~*~*~tactically~*~*~ (outnumbered).
  2087 | D:4      | Reached skill level 7 in Unarmed Combat
  2127 | D:4      | 2127 ||| Stepping ~*~*~tactically~*~*~ (stealth).
  2361 | D:4      | 2361 ||| Stepping ~*~*~tactically~*~*~ (hiding).
  2366 | D:4      | 2366 ||| FLEEEEING.
  2367 | D:4      | 2367 ||| FLEEEEING.
  2368 | D:4      | 2368 ||| FLEEEEING.
  2369 | D:4      | 2369 ||| FLEEEEING.
  2370 | D:4      | 2370 ||| FLEEEEING.
  2371 | D:4      | 2371 ||| FLEEEEING.
  2372 | D:4      | 2372 ||| FLEEEEING.
  2424 | D:4      | 2424 ||| Stepping ~*~*~tactically~*~*~ (stealth).
  2427 | D:4      | 2427 ||| Stepping ~*~*~tactically~*~*~ (stealth).
  2429 | D:4      | 2429 ||| Stepping ~*~*~tactically~*~*~ (hiding).
  2438 | D:4      | 2438 ||| Stepping ~*~*~tactically~*~*~ (outnumbered).
  2445 | D:4      | 2445 ||| INVOKING Fiery Armour.
  2606 | D:4      | 2606 ||| INVOKING Fiery Armour.
  2610 | D:4      | Reached XP level 7. HP: 34/64 MP: 7/7
  2646 | D:4      | Reached skill level 8 in Unarmed Combat
  2673 | D:4      | Found a basalt altar of Yredelemnul.
  2678 | D:4      | Reached skill level 3 in Fighting
  2816 | D:4      | 2816 ||| UPGRADING to amulet of guardian spirit.
  2821 | D:4      | 2821 ||| UPGRADING to ring of see invisible.
  2822 | D:4      | 2822 ||| READING scroll labelled HUAMNA KURRAI.
  2822 | D:4      | Identified a scroll of acquirement
  2822 | D:4      | 2822 ||| ACQUIRING amulet of reflection
  2822 | D:4      | Acquired an amulet of reflection
  2824 | D:4      | 2824 ||| UPGRADING to amulet of reflection.
  2834 | D:4      | 2834 ||| DROPPING amulet of guardian spirit.
  2835 | D:4      | 2835 ||| READING 4 scrolls of identify.
  2835 | D:4      | 2835 ||| IDENTIFYING pink potion
  2867 | D:5      | Entered Level 5 of the Dungeon
  2883 | D:5      | 2883 ||| Stepping ~*~*~tactically~*~*~ (hiding).
  2886 | D:5      | 2886 ||| Stepping ~*~*~tactically~*~*~ (hiding).
  2887 | D:5      | 2887 ||| Stepping ~*~*~tactically~*~*~ (hiding).
  3102 | D:5      | Found a sparkling altar of Nemelex Xobeh.
  3166 | D:5      | Found a glowing golden altar of the Shining One.
  3201 | D:5      | Reached skill level 9 in Unarmed Combat
  3272 | D:5      | 3272 ||| Stepping ~*~*~tactically~*~*~ (stealth).
  3279 | D:5      | Reached skill level 1 in Dodging
  3307 | D:5      | Reached XP level 8. HP: 75/75 MP: 8/8
  3665 | D:5      | 3665 ||| READING scroll labelled UWNUAJOFIU.
  3666 | D:5      | 3666 ||| READING 4 scrolls of identify.
  3666 | D:5      | 3666 ||| IDENTIFYING grey potion
  3667 | D:5      | 3667 ||| READING 3 scrolls of identify.
  3667 | D:5      | 3667 ||| IDENTIFYING red potion
  3668 | D:5      | 3668 ||| READING 2 scrolls of identify.
  3668 | D:5      | 3668 ||| IDENTIFYING fuming orange potion
  3669 | D:5      | 3669 ||| DROPPING potion of brilliance.
  3670 | D:5      | 3670 ||| DROPPING potion of berserk rage.
  3800 | D:5      | 3800 ||| READING scroll of teleportation.
  3801 | D:5      | 3801 ||| STAIRDANCE
  3940 | D:6      | Found an iron altar of Okawaru.
  3940 | D:6      | Noticed Eustachio
  3945 | D:6      | Reached skill level 10 in Unarmed Combat
  3948 | D:6      | 3948 ||| Stepping ~*~*~tactically~*~*~ (outnumbered).
  3963 | D:6      | 3963 ||| INVOKING Fiery Armour.
  3968 | D:6      | 3968 ||| FLEEEEING.
  3969 | D:6      | 3969 ||| FLEEEEING.
  3970 | D:6      | 3970 ||| FLEEEEING.
  3972 | D:6      | 3972 ||| FLEEEEING.
  3973 | D:6      | 3973 ||| FLEEEEING.
  3974 | D:6      | 3974 ||| FLEEEEING.
  3975 | D:6      | 3975 ||| FLEEEEING.
  3976 | D:6      | 3976 ||| FLEEEEING.
  3977 | D:6      | 3977 ||| FLEEEEING.
  3978 | D:6      | 3978 ||| FLEEEEING.
  3993 | D:6      | 3993 ||| Stepping ~*~*~tactically~*~*~ (outnumbered).
  3996 | D:6      | 3996 ||| Stepping ~*~*~tactically~*~*~ (outnumbered).
  3998 | D:6      | 3998 ||| Stepping ~*~*~tactically~*~*~ (outnumbered).
  4216 | D:6      | Found a blossoming altar of Fedhas.
  4241 | D:6      | Found a stormy altar of Qazlal.
  4300 | D:6      | Identified the +1 leather armour of Qietiemm {*Corrode rN+
                  | Str+3}
  4453 | D:6      | Reached skill level 11 in Unarmed Combat
  4482 | D:6      | Found a white marble altar of Elyvilon.
  4546 | D:6      | Reached XP level 9. HP: 51/84 MP: 9/9
  4713 | D:6      | Found a shimmering blue altar of Sif Muna.
  4769 | D:6      | 4769 ||| UPGRADING to +2 robe of fire resistance.
  4779 | D:6      | 4779 ||| DROPPING +0 robe.
  4780 | D:6      | 4780 ||| UPGRADING to +1 hat.
  4834 | D:7      | 4834 ||| STAIRDANCE
  4848 | D:6      | 4848 ||| Stepping ~*~*~tactically~*~*~ (outnumbered).
  4870 | D:6      | Killed Eustachio
  4876 | D:7      | 4876 ||| Stepping ~*~*~tactically~*~*~ (outnumbered).
  4877 | D:7      | 4877 ||| Stepping ~*~*~tactically~*~*~ (outnumbered).
  4911 | D:7      | Found a staircase to the Ecumenical Temple.
  4938 | D:7      | 4938 ||| Stepping ~*~*~tactically~*~*~ (stealth).
  5009 | D:7      | 5009 ||| Stepping ~*~*~tactically~*~*~ (stealth).
  5027 | D:7      | 5027 ||| Stepping ~*~*~tactically~*~*~ (hiding).
  5037 | D:7      | Reached skill level 12 in Unarmed Combat
  5041 | D:7      | 5041 ||| Stepping ~*~*~tactically~*~*~ (hiding).
  5054 | D:7      | 5054 ||| Stepping ~*~*~tactically~*~*~ (hiding).
  5211 | D:7      | 5211 ||| Stepping ~*~*~tactically~*~*~ (hiding).
  5215 | D:7      | 5215 ||| INVOKING Fiery Armour.
  5710 | D:7      | 5710 ||| UPGRADING to +0 cloak of preservation.
  5715 | D:7      | 5715 ||| READING 2 scrolls of identify.
  5715 | D:7      | 5715 ||| IDENTIFYING smoky green potion
  5759 | D:8      | Found a staircase to the Lair.
  5802 | D:8      | 5802 ||| FLEEEEING.
  5803 | D:8      | 5803 ||| FLEEEEING.
  5817 | D:8      | Noticed a seven-headed hydra
  5818 | D:8      | 5818 ||| INVOKING Fiery Armour.
  5826 | D:8      | HP: 22/88 [nine-headed hydra (3)]
  5826 | D:8      | Killed a nine-headed hydra
  5937 | D:8      | Reached skill level 3 in Throwing
  5952 | D:8      | 5952 ||| Stepping ~*~*~tactically~*~*~ (stealth).
  6407 | D:8      | Reached XP level 10. HP: 89/96 MP: 10/10
  6433 | D:8      | 6433 ||| Stepping ~*~*~tactically~*~*~ (hiding).
  6461 | D:8      | 6461 ||| PLANNING LAIR
  6461 | D:8      | 6461 ||| UPGRADING to +0 acid dragon scales.
  6471 | D:8      | 6471 ||| READING scroll labelled LOPHAPN GOENWU.
  6472 | D:8      | 6472 ||| READING scroll labelled DOKAASCHOLETT.
  6473 | D:8      | 6473 ||| DRINKING 2 lumpy green potions.
  6474 | D:8      | 6474 ||| READING 2 scrolls of identify.
  6474 | D:8      | 6474 ||| IDENTIFYING fizzy grey potion
  6500 | Lair:1   | Entered Level 1 of the Lair of Beasts
  6620 | Lair:1   | Noticed a black mamba
  6626 | Lair:1   | Killed a black mamba
  6634 | Lair:1   | Reached skill level 13 in Unarmed Combat
  6720 | Lair:1   | Noticed a torpor snail
  6722 | Lair:1   | 6722 ||| Stepping ~*~*~tactically~*~*~ (stealth).
  6723 | Lair:1   | 6723 ||| Stepping ~*~*~tactically~*~*~ (stealth).
  6731 | Lair:1   | 6731 ||| Stepping ~*~*~tactically~*~*~ (outnumbered).
  6732 | Lair:1   | 6732 ||| Stepping ~*~*~tactically~*~*~ (outnumbered).
  6733 | Lair:1   | 6733 ||| INVOKING Fiery Armour.
  6734 | Lair:1   | HP: 23/96 [torpor snail (5)]
  6735 | Lair:1   | 6735 ||| DRINKING 2 potions of heal wounds.
  6737 | Lair:1   | 6737 ||| DRINKING potion of heal wounds.
  6739 | Lair:1   | HP: 24/96 [torpor snail (1)]
  6740 | Lair:1   | Killed a torpor snail
  6743 | Lair:1   | Noticed a six-headed hydra
  6750 | Lair:1   | Killed a seven-headed hydra
  6751 | Lair:1   | Reached skill level 14 in Unarmed Combat
  6847 | Lair:1   | 6847 ||| INVOKING Fiery Armour.
  6881 | Lair:1   | Reached XP level 11. HP: 105/105 MP: 11/11
  6885 | Lair:1   | Reached skill level 6 in Fighting
  6927 | Lair:1   | 6927 ||| DRINKING 3 potions of cancellation.
  7021 | Lair:1   | Reached skill level 6 in Throwing
  7407 | Lair:1   | 7407 ||| READING 2 scrolls of identify.
  7407 | Lair:1   | 7407 ||| IDENTIFYING emerald potion
  7423 | Lair:2   | 7423 ||| Stepping ~*~*~tactically~*~*~ (stealth).
  7425 | Lair:2   | Noticed a seven-headed hydra
  7426 | Lair:2   | 7426 ||| Stepping ~*~*~tactically~*~*~ (stealth).
  7427 | Lair:2   | 7427 ||| STAIRDANCE
  7429 | Lair:1   | 7429 ||| Stepping ~*~*~tactically~*~*~ (outnumbered).
  7430 | Lair:1   | 7430 ||| Stepping ~*~*~tactically~*~*~ (outnumbered).
  7431 | Lair:1   | 7431 ||| Stepping ~*~*~tactically~*~*~ (outnumbered).
  7432 | Lair:1   | 7432 ||| Stepping ~*~*~tactically~*~*~ (outnumbered).
  7455 | Lair:2   | 7455 ||| STAIRDANCE
  7463 | Lair:2   | 7463 ||| STAIRDANCE
  7465 | Lair:1   | 7465 ||| INVOKING Fiery Armour.
  7465 | Lair:1   | HP: 25/105 [poisoned by a cane toad]
  7465 | Lair:1   | HP: 3/105 [seven-headed hydra (10)]
  7465 | Lair:1   | Slain by a yak

Levels and vault maps discovered:
D:1:      dpeg_arrival_stone_temple_mockup, layout_basic, serial_shops, shop
D:2:      layout_basic, serial_shops, nicolae_shop_waterfront,
          kennysheep_generic_room_3
D:3:      minmay_bubble_buster, layout_rooms, uniq_ijyb
D:4:      layout_rooms, lemuel_mausoleum_altar_yredelemnul
D:5:      layout_gridville, nemelex_spade_bored_becter, amcnicky_altar_gilded
D:6:      layout_loops_ring, lemuel_blue_sif_altar,
          mainiacjoe_overflow_alcove_1, grunt_temple_overflow_forces_of_nature,
          okawaru_gym_becter, minivault_14, minmay_quadrilaterals,
          uniq_eustachio
D:7:      minmay_general_purpose_star, layout_rooms, minmay_temple_entry_arrows
D:8:      layout_loops_ring, dpeg_oklobed_lair
Lair:1:   layout_hall_layers, small_statue_intersection
Lair:2:   layout_regular_city, palyth_hydra_swamp_entry

Skill      XL: |  1  2  3  4  5  6  7  8  9 10 11 |
---------------+----------------------------------+-----
Throwing       | 1 3 5 6 |  6.0
Unarmed Combat | 4 6 7 9 11 12 14 | 14.6
Fighting       | 3 4 5 6 |  6.0
Dodging        | 1 |  1.2
Armour         | 2 |  2.0
Spellcasting   | |  1.0
Fire Magic     | |  2.1

Action                   |  1- 3 |  4- 6 |  7- 9 | 10-12 || total
-------------------------+-------+-------+-------+-------++-------
Melee: Unarmed           |    58 |   135 |   259 |   105 ||   557
       Punch             |     1 |     3 |    11 |     5 ||    20
Throw: Javelin           |    11 |     1 |       |       ||    12
       Boomerang         |       |     4 |     8 |       ||    12
       Large rock        |       |       |    14 |    26 ||    40
Invok: Fiery Armour      |     1 |     4 |     3 |     3 ||    11
  Use: Scroll            |     8 |     4 |     8 |     4 ||    24
       Potion            |     2 |     2 |       |     4 ||     8
Armor: Robe              |    21 |    35 |    76 |     2 ||   134
       Acid dragon scale |       |       |       |    53 ||    53
Dodge: Dodged            |    30 |    37 |    74 |    41 ||   182
Block: Other             |       |       |    32 |    25 ||    57
       Reflection        |       |       |     1 |       ||     1

Table legend:
 A = Non-vault XP
 B = Vault XP
 C = Vault XP percentage of total XP
 D = Non-vault monster count
 E = Vault monster count
 F = Vault count percentage of total count
                 A         B        C        D         E       F
            +---------+---------+-------+---------+---------+-------
      Total |   11813 |    1300 |   9.9 |     186 |      36 |  16.2
            +---------+---------+-------+---------+---------+-------
        D:1 |      36 |       0 |   0.0 |      20 |       0 |   0.0
        D:2 |      17 |       1 |   5.6 |      11 |       1 |   8.3
        D:3 |     295 |      88 |  23.0 |      27 |      15 |  35.7
        D:4 |     255 |     442 |  63.4 |      36 |      12 |  25.0
        D:5 |     521 |       0 |   0.0 |      11 |       0 |   0.0
        D:6 |     946 |     495 |  34.4 |      18 |       6 |  25.0
        D:7 |     560 |     274 |  32.9 |      14 |       2 |  12.5
        D:8 |    1892 |       0 |   0.0 |      21 |       0 |   0.0
     Lair:1 |    7291 |       0 |   0.0 |      28 |       0 |   0.0
            +---------+---------+-------+---------+---------+-------
